 Dungeon Crawl Stone Soup version 0.26-a0-812-g31a745ddcd (webtiles) character file.

Game seed: 16005890003178174684

25 kae the Ruffian (level 2, 0/23 HPs)
             Began as a Draconian Transmuter on Dec 1, 2020.
             Slain by a quokka (3 damage)
             ... on level 2 of the Dungeon.
             The game lasted 00:00:22 (1308 turns).

kae the Ruffian (Draconian Transmuter)              Turns: 1308, Time: 00:00:23

Health: 0/23       AC:  4    Str: 12    XL:     2   Next: 86%
Magic:  4/5        EV: 12    Int: 13    God:
Gold:   58         SH:  0    Dex: 11    Spells: 4/5 levels left

rFire    . . .     SeeInvis .     - Unarmed
rCold    . . .     Faith    .   (no shield)
rNeg     . . .     Spirit   .   (armour unavailable)
rPois    .         Reflect  .   (helmet currently unavailable)
rElec    .         Harm     .   (no cloak)
rCorr    .         Rampage  .   (no gloves)
MR       .....                  (boots currently unavailable)
Stlth    +.........             (no amulet)
HPRegen  0.07/turn              (no ring)
MPRegen  0.09/turn              (no ring)

@: lethally poisoned (0 -> -1), appendages
A: unfitting armour, horns 2, talons 2, cold-blooded, AC +4
a: End Transformation


You were on level 2 of the Dungeon.
You had grown temporary horns.
You had grown temporary talons.
You visited 1 branch of the dungeon, and saw 2 of its levels.

You collected 58 gold pieces.

Inventory:

Jewellery
 g - a cursed ring of attention {unknown}
Scrolls
 a - 4 scrolls of remove curse {unknown}
 b - 3 scrolls of identify {unknown}
 c - 2 scrolls of teleportation {unknown}
 d - a scroll of blinking {unknown}
 l - a scroll of enchant weapon {unknown}
Potions
 e - 2 potions of curing {unknown}
 f - 2 potions of lignification {unknown}
 h - a potion of invisibility {unknown}
 i - a potion of flight {unknown}
 j - a potion of resistance {unknown}
 k - 2 potions of cancellation {unknown}
 m - a potion of haste {unknown}


   Skills:
 + Level 1.4 Fighting
 + Level 2.0 Dodging
 * Level 3.3 Unarmed Combat
 + Level 2.1 Spellcasting
 * Level 2.5 Transmutations


You had 4 spell levels left.
You knew the following spells:

 Your Spells              Type           Power        Failure   Level
a - Beastly Appendage     Tmut           #.....       9%          1

Your spell library contained the following spells:

 Spells                   Type           Power        Failure   Level
 Wereblood                Tmut           #.......     14%         2
 Spider Form              Tmut/Pois      #.........   41%         3
 Ice Form                 Ice/Tmut       #.......     83%         4
 Blade Hands              Tmut           #.........   94%         5


Dungeon Overview and Level Annotations

Branches:
Dungeon (2/15)

Altars:


Innate Abilities, Weirdness & Mutations

Your plain brown scales are hard. (AC +4)
You cannot fit into any form of body armour.
You are cold-blooded and may be slowed by cold attacks.
You have a pair of horns on your head.
You have razor-sharp toenails.


Message History

You are too injured to fight recklessly!
The quokka bites you.
You are too injured to fight recklessly!
You are too injured to fight recklessly!
You feel sick.
Casting: Beastly Appendage (safe; 9% risk of failure)
Confirm with . or Enter, or press ? or * to list all spells.
You grow a pair of large bovine horns.
Your feet morph into talons.
The quokka bites you. The quokka bites you.
You barely miss the quokka. Your kick misses the quokka.
Your tail-slap misses the quokka.
The quokka bites you.
You barely miss the quokka.
You feel sick. The quokka bites you.
* * * LOW HITPOINT WARNING * * *
The quokka barely misses you.
There is a stone staircase leading up here.
You can't go up here!
You closely miss the quokka. Your kick misses the quokka.
Your tail-slap misses the quokka.
You feel sick. The quokka bites you.
You die...

.##...# #(# ### ###
###.#.###.## #.#
...........# #.#
...........#########.##
.####.####............#
.# #.# #######.######
.# #.# #.# ..# #.# #.#
.. ... #@# # +# #r# #S#
#.# #g# #S# ####.#
#...r# #...(..?....


You could see 2 adders, a quokka, a hobgoblin and a rat.

Vanquished Creatures
  A dart slug (D:1)
  2 bats (D:1)
  7 goblins
  4 hobgoblins (D:1)
  3 frilled lizards
  2 kobolds (D:1)
  2 rats (D:1)
21 creatures vanquished.

Notes
Turn   | Place    | Note
-------+----------+-------------------------------------------
     0 | D:1      | kae the Draconian Transmuter began the quest for the Orb.
     0 | D:1      | Reached XP level 1. HP: 16/16 MP: 3/3
   351 | D:1      | Reached XP level 2. HP: 23/23 MP: 3/5
  1308 | D:2      | Slain by a quokka

Illustrated notes

Levels and vault maps discovered:
D:1:      wander_arrival_desolate, layout_loops_corners, nrook_campfire,
          minmay_tetromino_o2
D:2:      layout_loops_ring, lemuel_doored_altar, skrybe_limestone_x,
          eino_tiny_chamber, minivault_23, minmay_misc_feat_nine_boxes,
          chequers_serial_rivers_large_b, grunt_ministairs_5,
          uniq_crazy_yiuf_cottage, uniq_jessica

Skill      XL: |  1  2 |
---------------+-------+-----
Dodging        | 2 |  2.0
Fighting       | |  1.4
Unarmed Combat | |  3.3
Spellcasting   | |  2.1
Transmutations | |  2.5

Action                   || total
-------------------------++-------
Melee: Unarmed           ||    75
       Tailslap          ||     9
       Kick              ||     1
       Punch             ||     1
 Cast: Beastly Appendage ||    16
Armor: Skin              ||    29
Dodge: Dodged            ||    48

Table legend: (Time is in decaauts)
 A = Elapsed time spent in this place.
 B = Non-inter-level travel time spent in this place.
 C = Inter-level travel time spent in this place.
 D = Time resting spent in this place.
 E = Time spent auto-exploring this place.
 F = Levels seen in this place.
 G = Mean time per level.
                   A        B        C        D        E       F      G
               +--------+--------+--------+--------+--------+-----+--------+
         Total |   1303 |   1272 |     31 |      0 |   1091 |   2 |  651.5 |
       Dungeon |   1303 |   1272 |     31 |      0 |   1091 |   2 |  651.5 |
               +--------+--------+--------+--------+--------+-----+--------+

Top non-repeatable levels by time:
     D:1: 1080 daAuts
     D:2: 223 daAuts
